 Dungeon Crawl Stone Soup version 0.23-a0-435-g79ed067 (webtiles) character file.

119 George the Slasher (level 4, -2/39 HPs)
             Began as a Minotaur Fighter on Nov 15, 2018.
             Killed by divine providence
             ... invoked by an orc priest
              (7 damage)
             ... on level 3 of the Dungeon.
             The game lasted 00:02:56 (2470 turns).

George the Slasher (Minotaur Fighter)               Turns: 2470, Time: 00:02:56

Health: -2/39      AC:  8    Str: 22    XL:     4   Next: 73%
Magic:  3/3        EV:  7    Int:  5    God:
Gold:   68         SH:  9    Dex:  9    Spells: 3/3 levels left

rFire    . . .     SeeInvis .   a - +0 long sword
rCold    . . .     Gourm    .   c - +0 shield
rNeg     . . .     Faith    .   b - +0 scale mail
rPois    .         Spirit   .   (helmet restricted)
rElec    .         Reflect  .   (no cloak)
rCorr    .         Harm     .   n - +0 pair of gloves
MR       .....                  (no boots)
Stlth    ..........             (no amulet)
HPRegen  0.13/turn              (no ring)
MPRegen  0.08/turn              (no ring)

@: no status effects
A: retaliatory headbutt, horns 2
a: no special abilities


You were on level 3 of the Dungeon.
You were not hungry.

You visited 1 branch of the dungeon, and saw 3 of its levels.

You collected 68 gold pieces.

Inventory:

Hand Weapons
 a - a +0 long sword (weapon)
Armour
 b - a +0 scale mail (worn)
 c - a +0 shield (worn)
 n - a +0 pair of gloves (worn)
Scrolls
 g - a scroll of enchant armour {unknown}
 h - 2 scrolls of magic mapping {unknown}
 i - a scroll of immolation {unknown}
 j - a scroll of random uselessness {unknown}
Potions
 d - a potion of might
 e - a potion of degeneration {unknown}
 k - a potion of mutation {unknown}
 l - 3 potions of flight {unknown}
 m - a potion of curing {unknown}
 o - a potion of lignification {unknown}
Comestibles
 f - 10 rations


   Skills:
 - Level 3.6 Fighting
 + Level 6.1 Long Blades
 - Level 3.6 Armour
 - Level 3.6 Shields


You had 3 spell levels left.
You didn't know any spells.
Your spell library was empty.

Dungeon Overview and Level Annotations

Branches:
Dungeon (3/15)

Altars:


Innate Abilities, Weirdness & Mutations

You reflexively headbutt those who attack you in melee.
You have a pair of horns on your head.


Message History

You block the orc wizard's attack.
The orc priest hits you but does no damage.
Things that are here:
a robe; a giant cockroach corpse You barely miss the orc priest.
The orc wizard points at you and mumbles some strange words.
The magic dart hits you!
* * * LOW HITPOINT WARNING * * *
The orc priest hits you with a +0 dagger.
* * * LOW HITPOINT WARNING * * *
You block the orc wizard's attack.
You barely miss the orc priest. You block the orc wizard's attack.
The orc priest hits you with a +0 dagger.
* * * LOW HITPOINT WARNING * * *
The orc wizard hits you but does no damage.
Your shield and scale mail prevent you from hitting the orc priest.
The orc wizard hits you but does no damage.
The orc priest mumbles some strange prayers to Beogh against you.
Beogh smites you!
You die...

.........#.......#
########.#.#####.#
...........#####.####
#######.........†..####
##.....................#
...#####.#######.##.##.#
#..# #.# #.# .# #..# #.#
#o# # ##.# #.# #@# #.#
#.# #o# ... ..# ..#
..### ## #... . #.## #.
.. ##


You could see an orc priest and an orc wizard.

Vanquished Creatures
  Jessica (D:3)
  3 adders (D:2)
  A worm (D:3)
  2 dart slugs (D:1)
  A leopard gecko (D:1)
  2 orcs (D:3)
  2 ball pythons
  4 giant cockroaches
  10 goblins
  7 hobgoblins
  3 kobolds
  8 bats
  5 frilled lizards
  5 rats
54 creatures vanquished.

Notes
Turn   | Place    | Note
-------+----------+-------------------------------------------
     0 | D:1      | George the Minotaur Fighter began the quest for the Orb.
     0 | D:1      | Reached XP level 1. HP: 19/19 MP: 0/0
   132 | D:1      | Reached skill level 3 in Long Blades
   257 | D:1      | Reached XP level 2. HP: 26/26 MP: 1/1
   486 | D:1      | Reached skill level 4 in Long Blades
   855 | D:1      | Reached XP level 3. HP: 28/31 MP: 2/2
  1291 | D:2      | Reached skill level 5 in Long Blades
  1677 | D:2      | Reached XP level 4. HP: 38/39 MP: 3/3
  2449 | D:3      | Noticed Jessica
  2454 | D:3      | Killed Jessica
  2454 | D:3      | Reached skill level 6 in Long Blades
  2470 | D:3      | Killed from afar by an orc priest

Vault maps used:
D:1:      matt_arrival_diagonals, serial_co_window_serial, co_window_corner_a,
          co_window_paths_a, co_window_corner_a, co_window_paths_b,
          co_window_paths_a, co_window_paths_a, co_window_of_opportunity_a,
          co_window_paths_b, co_window_corner_a, co_window_broadway_c,
          co_window_corner_b, co_window_corner_cb, co_window_2corner,
          co_window_paths_e, glass_columns_a
D:2:      first_ration, minmay_misc_feat_more_columns
D:3:      grunt_temple_overflow_magic_moments, uniq_jessica

Skill      XL: |  1  2  3  4 |
---------------+-------------+-----
Long Blades    | 3 4 5 6 |  6.1
Fighting       | |  3.6
Armour         | |  3.6
Shields        | |  3.6

Action                   |  1- 3 |  4- 6 || total
-------------------------+-------+-------++-------
Melee: Long sword        |   110 |    49 ||   159
       Headbutt          |    12 |     7 ||    19
  Use: Potion            |     2 |       ||     2
  Eat: Chunk             |     2 |     3 ||     5
Armor: Scale mail        |    50 |    15 ||    65
Dodge: Dodged            |    31 |    11 ||    42
Block: Shield            |    51 |    23 ||    74
       Rpst.: Long sword |     5 |     3 ||     8

Table legend:
 A = Non-vault XP
 B = Vault XP
 C = Vault XP percentage of total XP
 D = Non-vault monster count
 E = Vault monster count
 F = Vault count percentage of total count
                 A         B        C        D         E       F
            +---------+---------+-------+---------+---------+-------
      Total |     133 |      37 |  21.8 |      53 |       1 |   1.9
            +---------+---------+-------+---------+---------+-------
        D:1 |      44 |       0 |   0.0 |      26 |       0 |   0.0
        D:2 |      67 |       0 |   0.0 |      18 |       0 |   0.0
        D:3 |      22 |      37 |  62.7 |       9 |       1 |  10.0
            +---------+---------+-------+---------+---------+-------
